 Dungeon Crawl Stone Soup version 0.29.1-15-g9cfb28693d (webtiles) character file.

Game seed: 908357883131139266

97 Mickster the Chopper (level 4, -1/29 HPs)
             Began as a Gargoyle Berserker on Mar 16, 2023.
             Was a Believer of Trog.
             Slain by Eustachio
             ... wielding a +0 rapier
              (7 damage)
             ... on level 4 of the Dungeon on Mar 17, 2023.
             The game lasted 00:26:57 (2136 turns).

Mickster the Chopper (Gargoyle Berserker)           Turns: 2136, Time: 00:27:00

Health: -1/29      AC: 16    Str: 22      XL:     4   Next: 68%
Magic:  4/4        EV:  8    Int:  8      God:    Trog [**....]
Gold:   106        SH:  0    Dex:  8 (9)  Spells: 3/3 levels left

rFire   + + .      SeeInvis .   q - +0 falchion (holy)
rCold   . . .      Faith    .   (no shield)
rNeg    + . .      Spirit   .   e - +0 chain mail
rPois   ∞          Reflect  .   (no helmet)
rElec   +          Harm     .   (no cloak)
rCorr   .          Rampage  .   (no gloves)
Will    .....                   (no boots)
Stlth   ..........              m - amulet of the acrobat
HPRegen 0.09/turn               f - ring of Nabb {rF+ AC+4}
MPRegen 0.09/turn               o - ring of protection from fire

@: no status effects
A: sickness immunity, AC +3, negative energy resistance 1, electricity
resistance, torment resistance 1, petrification resistance
a: Renounce Religion, Berserk, Trog's Hand


You were on level 4 of the Dungeon.
You worshipped Trog.
Trog was pleased with you.
You visited 1 branch of the dungeon, and saw 4 of its levels.

You collected 106 gold pieces.

Inventory:

Hand Weapons
 a - a +0 hand axe
 b - a +0 short sword
 h - a +0 sling
 i - a +0 whip
 q - a +0 falchion of holy wrath (weapon)
Missiles
 c - 38 stones
 l - a throwing net
 p - 3 poisoned darts (quivered)
Armour
 e - a +0 chain mail (worn)
 j - a +2 robe of positive energy
Jewellery
 f - the ring of Nabb (left hand) {rF+ AC+4}
   (You acquired it on level 1 of the Dungeon)

   [ring of protection]

   AC:        It affects your AC (+4).
   rF:        It protects you from fire.
 g - a ring of willpower
 m - an amulet of the acrobat (around neck)
 o - a ring of protection from fire (right hand)
Wands
 k - a wand of acid (2)
Potions
 n - a potion of flight


   Skills:
 + Level 3.8 Fighting
 * Level 0.1 Long Blades
 - Level 3.9 Axes
 * Level 0.3 Ranged Weapons
 * Level 0.1 Throwing
 + Level 2.9 Armour
 + Level 1.8 Dodging


You had 3 spell levels left.
You didn't know any spells.
Your spell library contained the following spells:

 Spells                   Type           Power      Damage    Failure   Level
 Summon Guardian Golem    Hex/Summ       0%         N/A       100%        3
 Orb of Destruction       Conj           0%         9d5       100%        7
 Spellforged Servitor     Conj/Summ      0%         N/A       100%        7


Dungeon Overview and Level Annotations

Branches:
Dungeon (4/15)
 Temple: D:4-7

Altars:

Annotations:
D:4 Eustachio


Innate Abilities, Weirdness & Mutations

You are immune to sickness and miasma.
Your stone body is resilient. (AC +3)
You are immune to poison.
You resist negative energy. (rN+)
You are resistant to electric shocks. (rElec)
You are resistant to unholy torment.
You are immune to petrification.


Message History

Eustachio casts a spell.
The quasit bites you.
The quasit claws you but does no damage. x2
You closely miss Eustachio.
Eustachio is moderately wounded.
The quasit bites you.
You feel clumsy.
The quasit claws you but does no damage. x2
Eustachio gestures wildly while chanting.
The quasit bites you but does no damage.
The quasit claws you but does no damage. x2
You hit Eustachio but do no damage.
Eustachio is moderately wounded.
Eustachio hits you but does no damage.
The quasit bites you but does no damage.
The quasit claws you but does no damage. x2
Eustachio hits you but does no damage.
You hit Eustachio.
Eustachio is moderately wounded.
The quasit bites you but does no damage.
The quasit claws you but does no damage.
The quasit claws you.
The quasit bites you but does no damage.
The quasit barely misses you.
The quasit claws you but does no damage.
Eustachio casts a spell.
You closely miss the quasit.
The quasit bites you but does no damage.
The quasit barely misses you. The quasit completely misses you.
The river rat barely misses you. Eustachio hits you with a +0 rapier.
The quasit bites you but does no damage.
The quasit closely misses you. x2; The river rat barely misses you.
You miss the quasit.
The quasit bites you but does no damage.
The quasit claws you but does no damage.
The quasit closely misses you. Eustachio hits you with a +0 rapier.
* * * LOW HITPOINT WARNING * * *
The river rat twitches its whiskers.
The river rat barely misses you. Eustachio hits you with a +0 rapier!
You die...

#....#####.#...
#....# #.#... #.####
#.#.## #.# #.#.#
#.########.#.#.
#............#.
##########.#...
###############.#.#.
#r@@5...........#...
###r###########..##.
#r# #.......##. #.#
#####.#.##.
###.####### #.#.##.
#..<....... ..#.##.
###.####### ##.#.##.
#.############.##.
#...............†.


You could see Eustachio, a quasit (summoned), a river rat (summoned) and 2 rats.

Vanquished Creatures
  5 adders
  4 worms
  A dart slug (D:2)
  An orc (D:3)
  5 endoplasms
  A giant cockroach (D:2)
  A goblin (D:3)
  4 hobgoblins
  2 jackals (D:2)
  2 quokkas
  A ball python (D:2)
  2 bats
  3 frilled lizards
  4 kobolds
  5 rats
41 creatures vanquished.

Notes
Turn   | Place    | Note
-------+----------+-------------------------------------------
     0 | D:1      | Mickster the Gargoyle Berserker began the quest for the
                  | Orb.
     0 | D:1      | Reached XP level 1. HP: 14/14 MP: 1/1
   162 | D:1      | Identified a scroll of acquirement
   162 | D:1      | Acquired the ring of Nabb {rF+ AC+4}
   376 | D:1      | Reached XP level 2. HP: 19/19 MP: 2/2
   555 | D:2      | Reached XP level 3. HP: 8/24 MP: 3/3
  1028 | D:2      | Reached XP level 4. HP: 17/29 MP: 4/4
  1355 | D:2      | Reached ** piety under Trog
  1400 | D:2      | Found a faded altar of an unknown god.
  2121 | D:4      | Noticed Eustachio
  2136 | D:4      | Slain by Eustachio

Illustrated notes

Levels and vault maps discovered:
D:1:      dpeg_arrival_castle, layout_basic
D:2:      layout_basic, shapermc_ecumenical_altar_starsandcircs
D:3:      layout_loops_cross, uniq_sigmund, uniq_natasha
D:4:      layout_basic, uniq_eustachio

Skill      XL: |  1  2 |
---------------+-------+-----
Axes           | 3 |  3.9
Fighting       | |  3.8
Long Blades    | |  0.1
Ranged Weapons | |  0.3
Throwing       | |  0.1
Armour         | |  2.9
Dodging        | |  1.8

Action                   |  1- 3 |  4- 6 || total
-------------------------+-------+-------++-------
Melee: Hand axe          |    98 |    36 ||   134
       Punch             |     3 |     1 ||     4
       Falchion          |       |    35 ||    35
 Fire: Sling             |       |     3 ||     3
  Use: Scroll            |     3 |     2 ||     5
       Potion            |     1 |     3 ||     4
Armor: Chain mail        |    79 |    73 ||   152
       Ring mail         |     2 |       ||     2
       Animal skin       |     2 |       ||     2
       Robe              |     5 |       ||     5
Dodge: Dodged            |    51 |    51 ||   102
